 Dungeon Sprint DCSS version 0.16-b1 (webtiles) character file.

85 Medar the Cleaver (level 4, 0/66 HPs)
             Began as a Deep Dwarf Berserker on Mar 10, 2015.
             Was a Believer of Trog.
             Slain by a killer bee (5 damage)
             ... in the Dungeon (Sprint IV: "Fedhas' Mad Dash").
             The game lasted 00:01:34 (441 turns).

Medar the Cleaver (Deep Dwarf Berserker)             Turns: 441, Time: 00:01:34

Health: 0/66       AC:  2    Str: 26    XL:     4   Next: 25%
Magic:  4/4        EV: 12    Int:  8    God:    Trog [**....]
Gold:   79         SH:  0    Dex: 12    Spells: 0 memorised, 3 levels left

rFire  . . .     SeeInvis .     a - +0 hand axe
rCold  . . .     Clarity  .     b - +0 animal skin
rNeg   . . .     SustAb   .     (no shield)
rPois  .         Gourm    .     (no helmet)
rElec  .         Spirit   .     (no cloak)
rCorr  .         Warding  .     (no gloves)
rMut   .         NoTele   +     (no boots)
MR     .....                    (no amulet)
Stlth  ..........               (no ring)
                                m - ring of invisibility

@: berserking, lethally poisoned (0 -> -16), non-regenerating, very quick, not
resistant to hostile enchantments, extremely unstealthy
A: damage resistance, recharge devices, sense surroundings 1, slow healing 3
a: Device Recharging, Burn Spellbooks, Berserk, Trog's Hand, Renounce Religion,
Evoke Invisibility


You were in the Dungeon.
You worshipped Trog.
Trog was pleased with you.
You were hungry.

You visited 1 branch You collected 79 gold pieces.

Inventory:

Hand weapons
 a - a +0 hand axe (weapon)
Armour
 b - a +0 animal skin (worn)
Jewellery
 m - a ring of invisibility (left hand)
Magical devices
 c - a wand of heal wounds (3)
Scrolls
 j - a scroll of blinking
Potions
 e - a potion of curing {@q1}
 f - a potion of heal wounds
 g - a potion of haste
 h - 2 potions of magic
 i - a potion of berserk rage {!q}
 k - a potion of ambrosia {unknown}
Comestibles
 d - a bread ration
 l - a slice of pizza


   Skills:
 + Level 4.2 Fighting
 * Level 8.0 Axes
 + Level 4.3 Armour
 - Level 2.1 Dodging


You had 3 spell levels left.
You didn't know any spells.

Dungeon Overview and Level Annotations

Branches:
Dungeon (1/1)

Altars:
Cheibriados
Elyvilon
Kikubaaqudgha
Makhleb
Sif Muna
Trog
Vehumet
Zin
Jiyva
Lugonu

Annotations:
D exclusion: oklob sapling


Innate Abilities, Weirdness & Mutations

You are resistant to damage.
You can recharge devices by infusing magical energy.
You passively map a small area around you.
You do not heal naturally.


Message History

The killer bee is heavily wounded.
You miss the killer bee. The killer bee stings you!
You are more poisoned.
The killer bee poisons you! The killer bee closely misses you.
The killer bee closely misses you. The killer bee stings you!
* * * LOW HITPOINT WARNING * * *
You are more poisoned.
The killer bee poisons you!
You barely miss the killer bee.
The killer bee is moderately wounded.
You hit the killer bee.
The killer bee is severely wounded.
You miss the killer bee.
You feel sick. The killer bee stings you.
* * * LOW HITPOINT WARNING * * *
The killer bee stings you!
* * * LOW HITPOINT WARNING * * *
You are more poisoned.
The killer bee poisons you! The killer bee misses you.
The killer bee stings you.
You die...

########################
#<..P#.....#.....#.⌠.....
#PP..†.....'.#.(.+._._._.
#PPPP#.....#.#...#_._._P_
###############'## _._._,
*...♣...y....'...# ....
#%...y.♣yy...#...# *### *
♣y@♣..######* * , *
#+#####* , , $$$+, , * *
,#P)## ,, , * ### * * ,,,
* , ,, , , , , ,


You could see a queen bee and 4 killer bees.

Vanquished Creatures
  2 oklob saplings (D)
  A worker ant (D)
  A river rat (D)
  A rat (D)
5 creatures vanquished.

Notes
Turn   | Place    | Note
--------------------------------------------------------------
     0 | D        | Medar, the Deep Dwarf Berserker, began the quest for the Orb.
     0 | D        | Reached XP level 1. HP: 20/20 MP: 1/1
    14 | D        | Reached skill level 5 in Axes
    14 | D        | Reached XP level 2. HP: 27/27 MP: 2/2
    27 | D        | Noticed an oklob sapling
    31 | D        | Killed an oklob sapling
    31 | D        | Reached skill level 6 in Axes
    31 | D        | Reached XP level 3. HP: 32/34 MP: 3/3
    33 | D        | Noticed a worker ant
    42 | D        | Killed a worker ant
    42 | D        | Acquired Trog's second power
    42 | D        | Reached skill level 7 in Axes
   381 | D        | Noticed an oklob sapling
   385 | D        | Killed an oklob sapling
   385 | D        | Reached skill level 8 in Axes
   385 | D        | Reached XP level 4. HP: 25/44 MP: 4/4
   421 | D        | Found a snail-covered altar of Cheibriados.
   421 | D        | Found a glowing silver altar of Zin.
   421 | D        | Found a white marble altar of Elyvilon.
   421 | D        | Found a viscous altar of Jiyva.
   421 | D        | Found a radiant altar of Vehumet.
   421 | D        | Found a deep blue altar of Sif Muna.
   421 | D        | Found a burning altar of Makhleb.
   421 | D        | Found an ancient bone altar of Kikubaaqudgha.
   421 | D        | Found a bloodstained altar of Trog.
   421 | D        | Found a corrupted altar of Lugonu.
   421 | D        | Noticed an oklob sapling priest
   432 | D        | Noticed a killer bee
   432 | D        | Noticed a killer bee
   432 | D        | Noticed a queen bee
   433 | D        | Noticed a killer bee
   433 | D        | Noticed a killer bee
   433 | D        | Noticed a burning bush
   441 | D        | Slain by a killer bee

Action                   |  1- 3 |  4- 6 || total
-------------------------+-------+-------++-------
Melee: Hand axe          |    19 |     6 ||    25
Invok: Berserk           |     2 |     1 ||     3
Evoke: Wand              |     1 |     1 ||     2
 Stab: Sleeping          |     1 |       ||     1
